 Dungeon Crawl Stone Soup version 0.23.1 (webtiles) character file.

Game seed: 14031238772912064495

338 Borgoz the Sneak (level 6, -6/48 HPs)
             Began as a Ghoul Enchanter on Mar 9, 2019.
             Was an Initiate of Ashenzari.
             Mangled by an ogre
             ... wielding a +0 giant club
              (15 damage)
             ... on level 4 of the Dungeon.
             The game lasted 00:07:36 (4781 turns).

Borgoz the Sneak (Ghoul Enchanter)                  Turns: 4781, Time: 00:07:37

Health: -6/48      AC:  9    Str:  9 (12) XL:     6   Next: 55%
Magic:  0/7        EV: 10    Int:  8 (10) God:    Ashenzari [......]
Gold:   102        SH:  0    Dex:  9 (11) Spells: 2/8 levels left

rFire    . . .     SeeInvis .   a - +1 dagger
rCold    + . .     Gourm    .   (no shield)
rNeg     + + +     Faith    .   e - +0 ring mail
rPois    ∞         Spirit   .   m - +0 helmet
rElec    .         Reflect  .   h - +0 cloak
rCorr    .         Harm     .   (no gloves)
MR       .....                  l - +0 pair of boots (curse)
Stlth    ++........             (no amulet)
HPRegen  0.00/turn              o - ring of wizardry
MPRegen  0.10/turn              (no ring)

@: very slightly contaminated, rotting
A: rotting body, claws 1, carnivore, cold resistance 1, negative energy
resistance 3, inhibited regeneration, torment resistance, unbreathing
a: Curse Item, Renounce Religion


You were on level 4 of the Dungeon.
You worshipped Ashenzari.
Ashenzari was noncommittal.
You were not hungry.

You visited 1 branch of the dungeon, and saw 4 of its levels.

You collected 102 gold pieces.

Inventory:

Hand Weapons
 a - a +1 dagger (weapon)
Missiles
 q - 44 poisoned needles
 u - 6 tomahawks (quivered)
 A - 3 javelins
Armour
 e - a +0 ring mail (worn)
 h - a +0 cloak (worn)
 l - a cursed +0 pair of boots (worn)
 m - a +0 helmet (worn)
Jewellery
 o - a ring of wizardry (left claw)
 t - an uncursed ring of ice
 z - an uncursed ring of protection from cold
Scrolls
 g - 3 scrolls of identify {unknown}
 i - a scroll of blinking
 j - 2 scrolls of fear {unknown}
 k - 4 scrolls of amnesia
 p - 2 scrolls of remove curse
 r - a scroll of enchant weapon {unknown}
 s - a scroll of magic mapping {unknown}
 x - a scroll of noise {unknown}
 y - a scroll of teleportation {unknown}
Potions
 b - 2 potions of haste
 c - a potion of berserk rage {unknown}
 f - a potion of degeneration
 n - a potion of brilliance {unknown}
 v - a potion of resistance
Comestibles
 d - 5 rations


   Skills:
 + Level 2.0 Fighting
 + Level 3.0 Short Blades
 + Level 2.9 Armour
 + Level 2.7 Dodging
 + Level 4.6 Stealth
 - Level 1.7 Spellcasting
 - Level 2.4 Hexes


You had 2 spell levels left.
You knew the following spells:

 Your Spells              Type           Power        Failure   Level  Hunger
a - Corona                Hex            #......      14%         1    ##.....
b - Ensorcelled Hibernat  Hex/Ice        #.....       32%         2    ###....
c - Confuse               Hex            #.......     38%         3    ####...

Your spell library contained the following spells:

 Spells                   Type           Power        Failure   Level  Hunger
 Tukima's Dance           Hex            #.......     38%         3    ####...
 Dazzling Spray           Conj/Hex       #.....       54%         3    ####...


Dungeon Overview and Level Annotations

Branches:
Dungeon (4/15)
 Temple: D:4-7

Altars:
Ashenzari
Cheibriados
Nemelex Xobeh
Uskayaw

Annotations:
D:4 Edmund


Innate Abilities, Weirdness & Mutations

Your body is rotting away.
You thrive on raw meat.
You are immune to poison.
You have sharp fingernails.
You are carnivorous and can eat meat at any time.
Your flesh is cold resistant. (rC+)
You are immune to negative energy. (rN+++)
You do not regenerate when monsters are visible.
You are immune to unholy pain and torment.
You can survive without breathing.


Message History

You miscast Ensorcelled Hibernation.
Frost covers your body. The ogre closely misses you.
There is a stone staircase leading up here.
You see here a +0 giant spiked club.
You start to feel less resistant.
Casting: Ensorcelled Hibernation (safe; 32% risk of failure)
Confirm with . or Enter, or press ? or * to list all spells.
Aiming: Ensorcelled Hibernation (safe; 32% risk of failure)
Press: ? - help, Shift-Dir - straight line, f/p - ogre
Aim: an ogre, wielding a +0 giant club (heavily wounded, chance to defeat MR: 34%)
You miscast Ensorcelled Hibernation.
You feel a bit tired. The ogre barely misses you.
You hit the ogre.
The ogre is heavily wounded.
The ogre hits you with a +0 giant club!
* * * LOW HITPOINT WARNING * * *
It was a potion of curing.
You feel better.
Your resistance to elements expires.
The ogre hits you with a +0 giant club!
You die...

#. .# .## ###. .# ..# ...##.#
#.# ####..#.# #.. #.......#
#.. #)# #..# ##.. # #.#
#..#####..?
#####.#########.###$.......).
#...#...<...@O........#######
#...###..######.##...######
#...# ##.)......##.........
#...######............#####
#.............#..####.#
#...#####.######..# ##
#....####>### ##..#
#...........######...
#########.#......####.#


You could see an ogre.

Vanquished Creatures
  An ogre (D:4)
  An orc priest (D:3)
  An orc wizard (D:3)
  An iguana (D:3)
  Ijyb (D:3)
  A worker ant (D:4)
  5 adders (D:3)
  3 oozes
  2 worms
  A dart slug (D:2)
  7 orcs (D:3)
  2 giant cockroaches (D:3)
  7 goblins
  3 hobgoblins
  6 jackals
  7 kobolds
  A quokka (D:3)
  2 ball pythons
  2 bats
  2 frilled lizards (D:4)
  2 rats
58 creatures vanquished.

Notes
Turn   | Place    | Note
-------+----------+-------------------------------------------
     0 | D:1      | Borgoz the Ghoul Enchanter began the quest for the Orb.
     0 | D:1      | Reached XP level 1. HP: 14/14 MP: 2/2
   366 | D:1      | Reached skill level 1 in Short Blades
   366 | D:1      | Reached XP level 2. HP: 14/20 MP: 3/3
   370 | D:1      | Learned a level 2 spell: Ensorcelled Hibernation
   618 | D:1      | You fall through a shaft!
   697 | D:2      | Found a hide-covered altar of Uskayaw.
  1062 | D:1      | Reached XP level 3. HP: 19/27 MP: 4/4
  1980 | D:3      | Reached skill level 1 in Armour
  2170 | D:3      | Found a snail-covered altar of Cheibriados.
  2335 | D:3      | Reached XP level 4. HP: 19/33 MP: 5/5
  2367 | D:3      | Reached skill level 1 in Fighting
  2549 | D:3      | Learned a level 3 spell: Confuse
  2775 | D:3      | Reached skill level 4 in Stealth
  3112 | D:3      | Reached XP level 5. HP: 32/40 MP: 1/6
  3524 | D:3      | Noticed Ijyb
  3536 | D:3      | Paralysed by Ijyb for 6 turns
  3549 | D:3      | Paralysed by Ijyb for 4 turns
  3560 | D:3      | Killed Ijyb
  4055 | D:4      | Noticed an ogre
  4057 | D:4      | Noticed Edmund
  4082 | D:3      | Reached XP level 6. HP: 39/48 MP: 7/7
  4311 | D:4      | Found a shattered altar of Ashenzari.
  4361 | D:4      | Became a worshipper of Ashenzari the Shackled
  4364 | D:4      | Found a sparkling altar of Nemelex Xobeh.
  4780 | D:4      | HP: 2/48 [ogre/+0 giant club (16)]
  4781 | D:4      | Mangled by an ogre

Skill      XL: |  1  2  3  4  5  6 |
---------------+-------------------+-----
Dodging        | 2 |  2.7
Short Blades   | 1 2 3 |  3.0
Armour         | 1 2 |  2.9
Fighting       | 1 2 |  2.0
Stealth        | 4 |  4.6
Spellcasting   | |  1.7
Hexes          | |  2.4

Action                   |  1- 3 |  4- 6 || total
-------------------------+-------+-------++-------
Melee: Dagger            |   150 |   266 ||   416
 Cast: Ensorcelled Hiber |       |    17 ||    17
       Corona            |       |     1 ||     1
  Use: Scroll            |       |     2 ||     2
       Potion            |       |     4 ||     4
 Stab: Sleeping          |     2 |     9 ||    11
  Eat: Chunk             |     5 |     8 ||    13
       Ration            |       |     1 ||     1
Armor: Ring mail         |    37 |    97 ||   134
Dodge: Dodged            |    52 |   136 ||   188
